[Event "Late-Titled-Tuesday-Blitz-July-09-2024"]
[Site "Chess.com"]
[Date "2024.07.09"]
[Round "4"]
[White "luggevoila"]
[Black "ImportedItalianMaple"]
[Result "0-1"]
[WhiteElo "2341"]
[BlackElo "2501"]
[TimeControl "180+1"]
[EndTime "14:38:36 PDT"]
[Termination "ImportedItalianMaple won on time"]

1. e4 g6 2. Be2 Bg7 3. f4 d5 4. d3 e5 5. fxe5 dxe4 6. d4 c5 7. Be3 cxd4 8. Qxd4 Qxd4 9. Bxd4 Nc6 10. Bb5 Ne7 11. Nd2 Bf5 12. Nc4 O-O 13. Bc5 Rfd8 14.
Ne2 Rd5 15. Bxe7 Rxb5 16. Nc3 Rxb2 17. Nxb2 Bxe5 18. O-O-O Nxe7 19. Nd5 Nc6 20. Nc4 Bg7 21. Nd6 Bg4 22. Rde1 Rd8 23. Rxe4 Rxd6 24. Re8+ Bf8 25. Ne3 Be6 26. h4 Rd8 27. Rxd8 Nxd8 28. h5 Bh6 29. Kd2 Kg7 30. hxg6 hxg6 31. Ke2 Nc6 0-1

[Event "Late-Titled-Tuesday-Blitz-July-09-2024"]
[Site "Chess.com"]
[Date "2024.07.09"]
[Round "4"]
[White "HATilay"]
[Black "Aygehovit1992"]
[Result "0-1"]
[WhiteElo "2568"]
[BlackElo "2779"]
[TimeControl "180+1"]
[EndTime "14:38:37 PDT"]
[Termination "Aygehovit1992 won by resignation"]

1. e4 c5 2. Nf3 e6 3. d4 cxd4 4.
Nxd4 Nc6 5. Nc3 Qc7 6. Be3 a6 7.
Qd2 Nf6 8. O-O-O b5 9. f3 Bb7 10. g4 Rc8 11. g5 Nh5 12. Ndxb5 axb5 13. Nxb5 Qd8 14. Bb6 Qe7 15. Nc7+ Rxc7 16. Bxc7 h6 17. h4 g6 18. Bb5 Bg7 19. Bd6 Qd8 20. a4 Nd4 21.
Qb4 Nxb5 22. axb5 hxg5 23. hxg5 Qxg5+ 24. Kb1 Qd8 25. Rd3 f5 26. Rhd1 fxe4 27. fxe4 Nf6 28. Be5 Bxe4 29. Bxf6 Qxf6 30. Rxd7 Bd5 31. Rc7 Rh4 32. Qa3 Ra4 33. Qb3 Bxb3 0-1

[Event "Late-Titled-Tuesday-Blitz-July-09-2024"]
[Site "Chess.com"]
[Date "2024.07.09"]
[Round "4"]
[White "Sacbutt"]
[Black "MKlose11"]
[Result "0-1"]
[WhiteElo "2329"]
[BlackElo "2664"]
[TimeControl "180+1"]
[EndTime "14:38:38 PDT"]
[Termination "MKlose11 won on time"]

1. d4 Nf6 2. c4 c5 3. d5 b5 4.
cxb5 a6 5. bxa6 Bxa6 6. Nc3 d6 7. Nf3 g6 8. g3 Bg7 9. Bg2 O-O 10.
O-O Nbd7 11. Qc2 Qb6 12. Rd1 Rfb8 13. Rb1 Ne8 14. b3 Nc7 15. Bb2 Nb5 16. Nxb5 Bxb5 17.
Bxg7 Kxg7 18. a4 Ba6 19. e4 f6 20. h4 Qb4 21. Kh2 Rb7 22. Rdc1 Rab8 23. h5 c4 24.
bxc4 Qxb1 25. Rxb1 Rxb1 26. hxg6 hxg6 27. Nd4 Nc5 28. Ne6+ Nxe6 29. dxe6 R1b2 30. Qc3 Rxf2 31. Qa5 Bxc4 32. Qc7 Rbb2 33. Qxc4 Rxg2+ 34. Kh3 f5 35. exf5 gxf5 36. Qd4+ Kg6 37. g4 Rh2+ 38. Kg3 Rbg2+ 39.
Kf3 Rxg4 40. Qa7 Rh3+ 41. Kf2 Kf6 42. a5 Ra4 43. Qc7 Ra2+ 44. Kg1 Rb3 45. Qc1 Rba3 46.
Qc4 Rxa5 47. Qd4+ Re5 48. Kf1 Re2 0-1

[Event "Late-Titled-Tuesday-Blitz-July-09-2024"]
[Site "Chess.com"]
[Date "2024.07.09"]
[Round "4"]
[White "Defenstrator"]
[Black "kaponerde"]
[Result "1-0"]
[WhiteElo "2377"]
[BlackElo "2190"]
[TimeControl "180+1"]
[EndTime "14:38:38 PDT"]
[Termination "Defenstrator won by resignation"]

1. b3 e5 2. Bb2 Nc6 3. g3 Nf6 4. Bg2 d5 5. e3 Bd6 6. d3 Bg4 7. Ne2 Qd7 8. h3 Bh5 9. g4 Bg6 10. f4 exf4 11. exf4 h6 12. f5 Bh7 13. Bxf6 gxf6 14.
Nbc3 d4 15. Ne4 Bb4+ 16. c3 dxc3 17. Nxf6+ Kd8 18. Nxd7 c2+ 19. Qd2 Bxd2+ 20. Kxd2 Kxd7 21. Kxc2 Rhe8 22. Ng3 Nd4+ 23. Kd2 Re5 24. Ne4 Ke7 25.
Rae1 Re8 26. Ng5 Kf6 27. Nxh7+ Kg7 28. Re4 Rxe4 29. Bxe4 Kxh7 30. h4 f6 31. g5 Kg7 32.
Rg1 hxg5 33. hxg5 fxg5 34. Rxg5+ Kf7 35. Rh5 Kf6 36. Rh7 Nxf5 37. Rxc7 Rb8 38. Rxb7 Rd8 39. Rxa7 Nd6 40. Ke3 Ke5 41. Ra5+ Ke6 42. Rh5 Rg8 43. Rh6+ Kd7 44. Rg6 Re8 45. a4 Nf5+ 46. Kf4 Nd4 47. b4 Rf8+ 48. Ke3 Nc6 49. Bxc6+ Kc7 50. b5 1-0

[Event "Late-Titled-Tuesday-Blitz-July-09-2024"]
[Site "Chess.com"]
[Date "2024.07.09"]
[Round "4"]
[White "Nemsko"]
[Black "SocoLoco"]
[Result "0-1"]
[WhiteElo "2306"]
[BlackElo "2116"]
[TimeControl "180+1"]
[EndTime "14:38:38 PDT"]
[Termination "SocoLoco won by resignation"]

1. e4 c5 2. Nf3 e6 3. d4 cxd4 4. Nxd4 Nf6 5. Nc3 Nc6 6. a3 d5 7. exd5 Nxd5 8. Nxd5 Qxd5 9. Be3 e5 10. Nxc6 Qxd1+ 11. Rxd1 bxc6 12. Bc4 Be7 13. O-O O-O 14. Rd2 Bg4 15.
f3 Bf5 16. Rfd1 a5 17. Kf2 Rfd8 18. c3 Kf8 19. Bb6 Rdb8 20. Bc7 Rb7 21. Bxe5 a4 22. Re1 Bc5+ 23. Bd4 Bxd4+ 24. cxd4 Rab8 25. Ree2 Rd8 26. g4 Bc8 27. d5 cxd5 28. Bxd5 Rbd7 29. Rd4 Rxd5 30.
Rxa4 Rd2 31. Re4 Bb7 32. Rxd2 Rxd2+ 33. Re2 Rxe2+ 34. Kxe2 Ke7 35. Ke3 Kd6 36. b4 Kd5 37. Kd3 Ba6+ 38. Kc3 Be2 39. f4 Bxg4 40. a4 Bd7 41. b5 Kc5 42. Kb3 Bxb5 43. axb5 Kxb5 44.
Kc3 Kc5 45. Kd3 Kd5 46. Ke3 f5 47. Kd3 h6 48. h4 h5 49. Ke3 Kc4 50. Ke2 Kd4 51.
Kf3 Kd3 0-1

[Event "Late-Titled-Tuesday-Blitz-July-09-2024"]
[Site "Chess.com"]
[Date "2024.07.09"]
[Round "4"]
[White "Msb2"]
[Black "bancsoo"]
[Result "1/2-1/2"]
[WhiteElo "3083"]
[BlackElo "2854"]
[TimeControl "180+1"]
[EndTime "14:38:39 PDT"]
[Termination "Game drawn by repetition"]

1. d4 d5 2. c4 c6 3. Nf3 Nf6 4. Nc3 e6 5. Qc2 dxc4 6. e4 b5 7. Be2 Bb7 8. O-O Be7 9. Rb1 Qc7 10. e5 Nd5 11. Bg5 Nxc3 12. bxc3 Bf8 13. Nd2 h6 14. Bh4 Nd7 15. f4 g6 16. Ne4 a6 17. a4 c5 18.
axb5 axb5 19. Rxb5 cxd4 20. cxd4 Bd5 21. Bf3 Be7 22.
Bxe7 Kxe7 23. Rxd5 exd5 24. Nc3 Nb6 25. f5 gxf5 26.
Bxd5 Qd7 27. Bxa8 Rxa8 28. Qf2 Nd5 29. Qh4+ Ke8 30. Qxh6 Nxc3 31. Qh8+ Ke7 32. Qf6+ Ke8 33. Qh8+ Ke7 34. Qxa8 Qxd4+ 35. Kh1 Ne4 36. Qa3+ Ke6 37. Qa6+ Ke7 38. Qa3+ Ke6 39. h3 c3 40. Rb1 f4 41. Rb7 Ng3+ 42. Kh2 Nf1+ 43. Kh1 Ng3+ 44. Kh2 Nf1+ 45. Kh1 Ng3+ 1/2-1/2

[Event "Late-Titled-Tuesday-Blitz-July-09-2024"]
[Site "Chess.com"]
[Date "2024.07.09"]
[Round "4"]
[White "Jahonas"]
[Black "protectiago"]
[Result "1-0"]
[WhiteElo "2435"]
[BlackElo "2171"]
[TimeControl "180+1"]
[EndTime "14:38:41 PDT"]
[Termination "Jahonas won on time"]

1. d4 Nf6 2. Bf4 d5 3. e3 e6 4. Nf3 c5 5. c3 Nc6 6. Nbd2 Qb6 7. Qb3 c4 8. Qc2 Nh5 9. Be2 Nxf4 10. exf4 Bd6 11. g3 f6 12. O-O O-O 13. Rae1 Bd7 14. Nh4 Rae8 15. Bh5 Re7 16. f5 e5 17. dxe5 Nxe5 18.
Ndf3 Nd3 19. Rxe7 Bxe7 20. b3 Bc5 21. bxc4 dxc4 22. Qe2 Bxf2+ 23. Rxf2 Bc6 24. Nd4 Qb1+ 25. Rf1 Qb6 26. Nf3 Rd8 27. Kg2 Ne5 28. Nxc6 Qxc6 29. Kh3 Qd6 30. Nxe5 fxe5 31. Qxc4+ Kh8 32. Qe6 Qd2 33.
f6 1-0

[Event "Late-Titled-Tuesday-Blitz-July-09-2024"]
[Site "Chess.com"]
[Date "2024.07.09"]
[Round "4"]
[White "Indefatigable11"]
[Black "katharinareinecke"]
[Result "1-0"]
[WhiteElo "2421"]
[BlackElo "2094"]
[TimeControl "180+1"]
[EndTime "14:38:41 PDT"]
[Termination "Indefatigable11 won by resignation"]

1. d4 d5 2. c4 c6 3. Nf3 Nf6 4. e3 e6 5. Bd3 Be7 6. O-O O-O 7. b3 a6 8. Bb2 b5 9. Nc3 Nbd7 10. a3 Bb7 11. e4 dxc4 12. bxc4 bxc4 13. Bxc4 c5 14. e5 Ne4 15. Nxe4 Bxe4 16. Re1 Bg6 17. Bd3 Rb8 18. Bc3 Bxd3 19. Qxd3 Rb3 20. Qc2 Qb8 21. Rab1 c4 22. Nd2 Rxb1 23. Rxb1 Qc7 24. Bb4 Bxb4 25. Rxb4 Nb6 26. a4 Rd8 27. Nf3 a5 28. Rb5 c3 29.
Rxa5 Nd5 30. Rc5 Qb7 31. h3 Qb2 32. Ne1 Qxc2 33. Nxc2 g6 34. Kf1 Rb8 35. Ke2 Rb2 36. Kd3 Ra2 37. Rc4 Nf4+ 38. Kxc3 Nxg2 39. Kb3 Rxc2 40. Rxc2 Nf4 41. a5 Nd5 42. a6 Nb6 43.
Rc6 Nd5 44. a7 Kg7 45. a8=Q 1-0

[Event "Late-Titled-Tuesday-Blitz-July-09-2024"]
[Site "Chess.com"]
[Date "2024.07.09"]
[Round "4"]
[White "johnmez"]
[Black "Ruprecht_der_Knecht"]
[Result "0-1"]
[WhiteElo "2293"]
[BlackElo "2527"]
[TimeControl "180+1"]
[EndTime "14:38:43 PDT"]
[Termination "Ruprecht_der_Knecht won on time"]

1. d4 Nf6 2. c4 g6 3. Nc3 d5 4.
Nf3 Bg7 5. Bf4 O-O 6. Rc1 c5 7.
dxc5 dxc4 8. Qxd8 Rxd8 9. e3 Na6 10. c6 bxc6 11. Bxc4 Nb4 12. Ne5 Nfd5 13. a3 Nxf4 14. exf4 Bxe5 15. fxe5 Nd3+ 16. Bxd3 Rxd3 17. Ke2 Ba6 18.
Ke1 Rb8 19. Rc2 Bc4 20. f4 Rbd8 21. h4 Bb3 22. Rc1 h5 23. Rf1 Rg3 24. Kf2 Rdd3 25. Ne4 Rg4 26. Kg1 Bd5 27. Rfe1 Rxf4 28. Nf2 Rd2 29.
Rf1 Rxb2 30. Rb1 Ra2 31. Rb8+ Kg7 0-1

[Event "Late-Titled-Tuesday-Blitz-July-09-2024"]
[Site "Chess.com"]
[Date "2024.07.09"]
[Round "4"]
[White "prxcess_brownie"]
[Black "Brown_Mamba24"]
[Result "0-1"]
[WhiteElo "2233"]
[BlackElo "2523"]
[TimeControl "180+1"]
[EndTime "14:38:45 PDT"]
[Termination "Brown_Mamba24 won by resignation"]

1. c4 g6 2. Nc3 Bg7 3. g3 c5 4.
Bg2 Nc6 5. e3 d6 6. Nge2 e5 7. d4 exd4 8. exd4 cxd4 9. Nb5 Nge7 10. Nbxd4 O-O 11. O-O d5 12. cxd5 Nxd4 13. Nxd4 Nxd5 14.
Nb5 a6 15. Qxd5 Qxd5 16. Bxd5 axb5 17. Re1 Rd8 18. Bb3 Bf6 19. Bh6 Bxb2 20. Rad1 Bh3 21. Rxd8+ Rxd8 22. Re7 Be6 23. Bxe6 fxe6 24. Rxe6 Bc3 25.
Rb6 b4 26. Rxb7 Ra8 27. Be3 Rxa2 28. Bc5 Rb2 29. Kg2 b3 30. Kf3 Rb1 31. Ke4 Re1+ 32. Kd3 b2 33. Kc2 Rc1+ 34. Kd3 Be5 35. Bd4 Bxd4 36. Kxd4 b1=Q 0-1

[Event "Late-Titled-Tuesday-Blitz-July-09-2024"]
[Site "Chess.com"]
[Date "2024.07.09"]
[Round "4"]
[White "FuenfgegenWilly"]
[Black "PhileKhoob"]
[Result "1-0"]
[WhiteElo "2543"]
[BlackElo "2379"]
[TimeControl "180+1"]
[EndTime "14:38:45 PDT"]
[Termination "FuenfgegenWilly won on time"]

1. b3 Nf6 2. Bb2 e6 3. e3 Be7 4. Nf3 O-O 5. g4 Nxg4 6. Rg1 Nf6 7. Bd3 d6 8. Ng5 e5 9. Nc3 d5 10. Qf3 h6 11. h4 Nc6 12. Ne2 e4 13. Bxe4 dxe4 14. Nxe4 Kh8 15. O-O-O Rg8 16. Qf4 Kh7 17. Ng5+ hxg5 18. hxg5 Nh5 19. Qxf7 Qe8 20. g6+ Kh8 21. Rh1 Bg4 22. f3 Qxf7 23. gxf7 Rgf8 24. fxg4 Rxf7 25. Rxh5+ Kg8 26. Rdh1 1-0

[Event "Late-Titled-Tuesday-Blitz-July-09-2024"]
[Site "Chess.com"]
[Date "2024.07.09"]
[Round "4"]
[White "DanLowinger"]
[Black "Maluco_do_Natal_00"]
[Result "1-0"]
[WhiteElo "2411"]
[BlackElo "1999"]
[TimeControl "180+1"]
[EndTime "14:38:45 PDT"]
[Termination "DanLowinger won by resignation"]

1. Nf3 d5 2. g3 c5 3. Bg2 Nf6 4.
O-O g6 5. c4 Bg7 6. cxd5 Nxd5 7. Qc2 Qb6 8. Na3 Nb4 9. Qe4 Bf5 10. Qh4 N8c6 11. d3 O-O 12. Bh6 Rac8 13. Nc4 Qd8 14. a3 Nc2 15. Ng5 Bf6 16. Bxf8 Kxf8 17. Nxh7+ Kg7 18. Nxf6 exf6 19. Rad1 g5 20. Qh5 N2d4 21. e3 Bg6 22. Qg4 f5 23. Qh3 g4 24. Qh4 Qxh4 25.
gxh4 Ne6 26. Rc1 b6 27. Nd6 Rc7 28. Ne8+ Kf8 29. Nxc7 1-0

[Event "Late-Titled-Tuesday-Blitz-July-09-2024"]
[Site "Chess.com"]
[Date "2024.07.09"]
[Round "4"]
[White "TokChess"]
[Black "pinelone"]
[Result "1-0"]
[WhiteElo "2579"]
[BlackElo "2380"]
[TimeControl "180+1"]
[EndTime "14:38:46 PDT"]
[Termination "TokChess won by resignation"]

1. b3 d5 2. Bb2 Bg4 3. Nf3 Bxf3 4. exf3 Nf6 5. g3 g6 6. f4 Bg7 7. Bg2 O-O 8. O-O c5 9. Re1 Nc6 10. d3 e6 11. Nd2 Rc8 12. Nf3 Ne8 13. Bxg7 Kxg7 14.
c3 Nd6 15. h4 h5 16. Ng5 Re8 17. Bf3 Qf6 18. Qd2 Red8 19. Rac1 c4 20. bxc4 dxc4 21. d4 Ne7 22. Re5 Nd5 23. Rce1 Nf5 24. Bg2 Rc6 25. Rb1 b6 26. a4 a6 27. Bh3 Nfe7 28. Rc1 Rb8 29.
Ne4 Qxe5 30. fxe5 b5 31. axb5 Rxb5 32. Qg5 Rb7 33. Nf6 Nf5 34. Bxf5 exf5 35. Nxd5 1-0

[Event "Late-Titled-Tuesday-Blitz-July-09-2024"]
[Site "Chess.com"]
[Date "2024.07.09"]
[Round "4"]
[White "mortngabriel"]
[Black "chessuriel"]
[Result "1-0"]
[WhiteElo "2459"]
[BlackElo "2257"]
[TimeControl "180+1"]
[EndTime "14:38:46 PDT"]
[Termination "mortngabriel won by resignation"]

1. e4 c5 2. Nf3 d6 3. d4 cxd4 4. Nxd4 Nf6 5. Nc3 g6 6. h4 Bg7 7. h5 gxh5 8. Be2 Bg4 9. f3 Bd7 10. Be3 Nc6 11. Qd2 Rg8 12. O-O-O Bh8 13. Bf1 a6 14. Nde2 Rc8 15. Nf4 Ne5 16. Nxh5 Nc4 17.
Nxf6+ Bxf6 18. Bxc4 Rxc4 19. Nd5 Be5 20. Bb6 Qc8 21. Rxh7 e6 22. Ne3 Bf4 23. Kb1 Rc6 24. Bd4 b5 25. Qd3 Bxe3 26. Qxe3 e5 27. Bc3 b4 28. Bxb4 Rxc2 29. Bxd6 Ba4 30. b3 Rcxg2 31.
Rc1 Qe6 32. Qb6 Rb2+ 33. Kxb2 Rg2+ 34. Kb1 Bd7 35. Qb8+ 1-0

[Event "Late-Titled-Tuesday-Blitz-July-09-2024"]
[Site "Chess.com"]
[Date "2024.07.09"]
[Round "4"]
[White "Yaacovn"]
[Black "Chigorinetz"]
[Result "0-1"]
[WhiteElo "2780"]
[BlackElo "2603"]
[TimeControl "180+1"]
[EndTime "14:38:47 PDT"]
[Termination "Chigorinetz won on time"]

1. d4 d5 2. Nf3 Nc6 3. c3 Bg4 4. Qb3 Rb8 5. Bf4 e6 6. Nbd2 Bd6 7. Bg3 Nf6 8. e3 O-O 9. Bd3 b5 10. Ne5 Bxe5 11. dxe5 Nd7 12. Qc2 h6 13. h3 Bh5 14.
f4 Nc5 15. Nb3 Nxd3+ 16. Qxd3 b4 17. O-O Bg6 18. Qd2 a5 19. Nd4 Ne7 20. cxb4 axb4 21.
Bh4 Rb6 22. Rfc1 Qd7 23. Bxe7 Qxe7 24. Rc6 Rb7 25. Rac1 Ra8 26. b3 Be4 27. R6c5 Qh4 28. Kh2 Rba7 29. Rxc7 Rxa2 30. Nc2 Rb2 31. Qxb4 Qf2 32.
Rg1 Rxc2 33. Rxc2 Qxc2 34. Qb7 Ra2 35. f5 Bxg2 0-1

[Event "Late-Titled-Tuesday-Blitz-July-09-2024"]
[Site "Chess.com"]
[Date "2024.07.09"]
[Round "4"]
[White "Fjal"]
[Black "koncheto"]
[Result "0-1"]
[WhiteElo "2399"]
[BlackElo "2667"]
[TimeControl "180+1"]
[EndTime "14:38:47 PDT"]
[Termination "koncheto won by resignation"]

1. Nf3 Nf6 2. g3 b6 3. Bg2 Bb7 4. O-O c5 5. c4 e6 6. b3 Be7 7. Bb2 O-O 8. Nc3 d5 9. cxd5 Nxd5 10. d4 Bf6 11. Nxd5 Bxd5 12. Qd2 Nd7 13. Rfd1 Qe7 14.
Qe3 Rfd8 15. Rac1 Rac8 16. Bc3 Bxf3 17. Bxf3 Bg5 18. Qd3 Bxc1 19. Rxc1 Ne5 20. Qe3 Nxf3+ 21. Qxf3 cxd4 22. Bd2 Rxc1+ 23. Bxc1 e5 24. h4 e4 25. Qg4 Qe6 26. Qg5 f6 27. Qf4 d3 28.
exd3 exd3 29. Bd2 h5 30. Qc7 Re8 31. Qxa7 Qe2 32. Qd7 Re4 33. Qd5+ Kf8 34. Bb4+ Rxb4 35. Qd6+ Qe7 36. Qxd3 Re4 37. Kh2 Re1 38. Qh7 Qe4 39.
Qh8+ Kf7 40. Qxh5+ Kg8 0-1

[Event "Late-Titled-Tuesday-Blitz-July-09-2024"]
[Site "Chess.com"]
[Date "2024.07.09"]
[Round "4"]
[White "Ninocanina"]
[Black "KorolDimitriy75"]
[Result "0-1"]
[WhiteElo "1958"]
[BlackElo "2407"]
[TimeControl "180+1"]
[EndTime "14:38:47 PDT"]
[Termination "KorolDimitriy75 won on time"]

1. d4 Nf6 2. c4 c5 3. d5 b5 4. cxb5 a6 5. e3 axb5 6. Bxb5 Qa5+ 7. Nc3 Bb7 8. Bc4 e6 9. dxe6 Bxg2 10. exf7+ Kd8 11. Nf3 Bxh1 12. Ne5 Nc6 13. Nxd7 Nxd7 14. Be6 Ne5 15. Kf1 Qa6+ 16. Kg1 Qxe6 17. Kxh1 Qf5 18. f4 Ng4 19. Qf3 Rc8 20. e4 Qh5 21. Qg3 Be7 22.
Bd2 Qh4 23. Rg1 Qxg3 24. Rxg3 h5 25. h3 Ngf6 26. Rxg7 Rf8 27. e5 Kc7 28. e6 Rcd8 29.
Nb5+ Kc6 30. Na7+ Kb7 31. Nb5 Nb6 32. Ba5 Rd1+ 33. Kg2 Rb1 34. Bc3 Kc6 35. Na7+ Kb7 36. Nb5 Nbd5 37. Be5 Re1 38. Bxf6 Nxf6 39. Kf3 Rf1+ 40.
Ke2 Rb1 41. Nc3 Rxb2+ 0-1

[Event "Late-Titled-Tuesday-Blitz-July-09-2024"]
[Site "Chess.com"]
[Date "2024.07.09"]
[Round "4"]
[White "SpeedofLight0"]
[Black "MarcoRiehle"]
[Result "1-0"]
[WhiteElo "3129"]
[BlackElo "2856"]
[TimeControl "180+1"]
[EndTime "14:38:51 PDT"]
[Termination "SpeedofLight0 won by resignation"]

1. e4 e5 2. Nf3 Nf6 3. Nc3 Nc6 4.
Bb5 Bc5 5. O-O O-O 6. d3 d6 7. Ne2 Ne7 8. Ng3 Ng6 9. c3 c6 10. Ba4 b5 11. Bc2 Bb6 12. h3 h6 13. d4 Re8 14. Be3 a5 15. Qd2 a4 16. Rfe1 Ra7 17. dxe5 Nxe5 18. Nxe5 Rxe5 19. Bxb6 Qxb6 20. Qxd6 Re8 21.
Rad1 a3 22. bxa3 Be6 23. Bb3 Raa8 24. e5 Bxb3 25. axb3 Re6 26. Qd4 Qxd4 27. cxd4 Nd5 28. Ra1 Kf8 29. Ne4 Ke8 30. a4 Re7 31. axb5 Rxa1 32.
Rxa1 cxb5 33. Nd6+ Kd7 34. Ra7+ Kc6 35. Ra6+ Kc7 36.
Nxb5+ Kb7 37. Ra7+ Kb6 38. Rxe7 Nxe7 39. Nd6 f6 40. Ne8 fxe5 41. dxe5 g5 42. Nd6 Kc5 43.
Nf7 Kd5 44. Nxh6 Kxe5 45. Ng4+ Kf4 46. Ne3 Ke4 47. b4 Nc8 48. Kh2 Kf4 49. b5 Nb6 50.
Nd1 Nd5 51. Kg1 Nb6 52. Kf1 Ke4 53. Ke2 Kd4 54. Kf3 Kc4 55. Kg4 Kxb5 56. Kxg5 Kc6 57.
h4 Nd7 58. h5 Ne5 59. h6 Kb7 60. h7 Ka7 61. Kf6 Nd7+ 62. Kg7 Nc5 63. h8=Q Ne6+ 64.
Kf6 Nc7 65. Ne3 Kb7 66. g4 Kb6 67. Qd8 Kb7 68. Nd5 Na6 69. Qd7+ Kb8 70. Qc6 Ka7 71. Qb6+ Ka8 72. Qxa6+ Kb8 73. Qb6+ 1-0

[Event "Late-Titled-Tuesday-Blitz-July-09-2024"]
[Site "Chess.com"]
[Date "2024.07.09"]
[Round "4"]
[White "Queensandpawns"]
[Black "1g60-1"]
[Result "1-0"]
[WhiteElo "2324"]
[BlackElo "2459"]
[TimeControl "180+1"]
[EndTime "14:38:51 PDT"]
[Termination "Queensandpawns won by resignation"]

1. e4 e6 2. d4 d5 3. Nd2 Nf6 4. e5 Nfd7 5. Ne2 c5 6. Nf3 Nc6 7. c3 a5 8. Be3 Qb6 9. Rb1 a4 10. Ng3 cxd4 11. cxd4 Bb4+ 12. Ke2 f6 13. a3 Be7 14.
Ke1 O-O 15. Bd3 fxe5 16. dxe5 Qa5+ 17. Bd2 Qc7 18. h4 Rxf3 19. gxf3 Ndxe5 20. Qc2 Nxd3+ 21. Qxd3 Ne5 22. Qe2 Nc4 23. Bc3 Qf4 24. Kf1 e5 25. Kg2 b5 26. Rbe1 d4 27. Bb4 Bxb4 28. axb4 Bb7 29.
Ne4 Rf8 30. Rh3 h6 31. Rg3 Kh7 32. Nc5 Bd5 33. Nd3 Qxh4 34. Nxe5 Re8 35. Qd3+ Kg8 36. Qg6 Qe7 37. Nxc4 Bxc4 38. Rxe7 Rxe7 1-0

[Event "Late-Titled-Tuesday-Blitz-July-09-2024"]
[Site "Chess.com"]
[Date "2024.07.09"]
[Round "4"]
[White "PapaieDudu"]
[Black "TheMagician"]
[Result "1-0"]
[WhiteElo "2415"]
[BlackElo "2106"]
[TimeControl "180+1"]
[EndTime "14:38:52 PDT"]
[Termination "PapaieDudu won on time"]

1. e4 c5 2. Nf3 d6 3. d4 cxd4 4. Nxd4 Nf6 5. Nc3 a6 6. f3 g6 7. Be3 h5 8. Qd2 Nc6 9. O-O-O Bd7 10. Nxc6 Bxc6 11. Bc4 Bg7 12. e5 dxe5 13. Qf2 Qc8 14. Kb1 Bxf3 15. Qxf3 Qxc4 16. Qxb7 O-O 17. Qxe7 Rab8 18.
Qc5 Qxc5 19. Bxc5 Rfc8 20. Bd6 Rb7 21. Bxe5 Ng4 22. Bxg7 Kxg7 23. Ne4 Rcb8 24. b3 Re7 25. Nc5 Rbe8 26. Rd2 Re2 27. Rxe2 Rxe2 28. h3 Ne3 29. c4 a5 30. Nb7 a4 31. bxa4 Nxc4 32. Nc5 1-0

[Event "Late-Titled-Tuesday-Blitz-July-09-2024"]
[Site "Chess.com"]
[Date "2024.07.09"]
[Round "4"]
[White "bubeliang"]
[Black "Bilan_Danila"]
[Result "1-0"]
[WhiteElo "2809"]
[BlackElo "2589"]
[TimeControl "180+1"]
[EndTime "14:38:53 PDT"]
[Termination "bubeliang won on time"]

1. e4 c6 2. d4 d5 3. Nc3 dxe4 4. Nxe4 Bf5 5. Ng3 Bg6 6. h4 h6 7. Nf3 Nd7 8. Bf4 e6 9. Bd3 Bxd3 10. Qxd3 Ngf6 11.
Ne4 Nxe4 12. Qxe4 Nf6 13. Qe2 Bd6 14. Bxd6 Qxd6 15. c3 Qd5 16. Qe5 O-O 17. Qxd5 cxd5 18. Ne5 b5 19. g4 Ne4 20. f3 Nd6 21. g5 Nc4 22. Nd3 a5 23. Ke2 Rfb8 24. gxh6 gxh6 25. Rhg1+ Kf8 26. b3 Nd6 27. Ne5 Rc8 28. Nd7+ Ke7 29. Nb6 Nf5 30. Nxa8 Rxa8 31. h5 Rc8 32. Kd3 Kf6 33.
Rac1 Nd6 34. Rg4 Nf5 35. f4 Nd6 36. Rg2 Kf5 37. Rg7 Kf6 38. Rh7 Nf5 39. c4 dxc4+ 40.
bxc4 Rd8 41. cxb5 Rxd4+ 42. Ke2 Nd6 43. b6 Rb4 44. Rc6 Nf5 45. Rc7 Nd4+ 46. Kd3 1-0

[Event "Late-Titled-Tuesday-Blitz-July-09-2024"]
[Site "Chess.com"]
[Date "2024.07.09"]
[Round "4"]
[White "carokannlover213"]
[Black "klimkoj"]
[Result "0-1"]
[WhiteElo "2709"]
[BlackElo "2867"]
[TimeControl "180+1"]
[EndTime "14:38:55 PDT"]
[Termination "klimkoj won by resignation"]

1. Nf3 Nf6 2. d4 d5 3. Bf4 c5 4. e3 e6 5. Nbd2 Bd6 6. Bg3 O-O 7. c3 Qc7 8. Bd3 Nbd7 9. O-O e5 10. e4 exd4 11. Bxd6 Qxd6 12. cxd4 cxd4 13. Re1 dxe4 14. Nxe4 Qb6 15. Qd2 Rd8 16. Bc4 Nc5 17. Nxf6+ Qxf6 18. Qxd4 Qxd4 19. Nxd4 Bg4 20. Nb5 a6 21. Nc3 Rd2 22. Ne4 Nxe4 23. Rxe4 Bh5 24. Rae1 g5 25. g4 Bg6 26.
R4e2 Rd4 27. Re8+ Rxe8 28. Rxe8+ Kg7 29. Be2 Rd2 30. b4 Rxa2 31. Bf3 b5 32. Ra8 Ra4 33.
Kg2 Kf6 34. Rxa6+ Rxa6 0-1

[Event "Late-Titled-Tuesday-Blitz-July-09-2024"]
[Site "Chess.com"]
[Date "2024.07.09"]
[Round "4"]
[White "Fraler15"]
[Black "Boorchess"]
[Result "1-0"]
[WhiteElo "2351"]
[BlackElo "2523"]
[TimeControl "180+1"]
[EndTime "14:38:56 PDT"]
[Termination "Fraler15 won by resignation"]

1. d4 Nf6 2. c4 d6 3. Nf3 Bf5 4. g3 c6 5. Bg2 e6 6. O-O h6 7.
Nc3 d5 8. Qb3 Qb6 9. c5 Qc7 10.
Bf4 Qc8 11. Nd2 Be7 12. e4 dxe4 13. Ndxe4 O-O 14. Bd6 Nxe4 15. Bxe4 Bxd6 16. cxd6 Rd8 17. Bxf5 exf5 18. Rfe1 Rxd6 19. Re7 Re6 20. Rxb7 Nd7 21.
Rb4 Rd6 22. Re1 Nb6 23. a4 f4 24. a5 fxg3 25. hxg3 Nd5 26. Nxd5 Rxd5 27. Re7 Qf5 28. Rbb7 Rf8 29. Rxa7 Rxd4 30. Kg2 Rd2 31. Qf3 Qxf3+ 32. Kxf3 Rxb2 33. a6 Ra2 34. Rec7 Rd8 35. Rxf7 Rf8 36. Rxf8+ Kxf8 37. Ke3 c5 38. f4 Ra3+ 39. Ke4 Rxg3 40. Rb7 Ra3 41. a7 Kg8 42. Rb8+ Kh7 43. a8=Q Rxa8 44.
Rxa8 h5 45. Rc8 h4 46. Rxc5 Kh6 47. Kf3 1-0

[Event "Late-Titled-Tuesday-Blitz-July-09-2024"]
[Site "Chess.com"]
[Date "2024.07.09"]
[Round "4"]
[White "AmbartsumianTyhran2012"]
[Black "Jospem"]
[Result "0-1"]
[WhiteElo "2584"]
[BlackElo "3105"]
[TimeControl "180+1"]
[EndTime "14:38:57 PDT"]
[Termination "Jospem won by resignation"]

1. e4 c5 2. Nf3 d6 3. Bb5+ Nd7 4. a4 a6 5. Be2 b6 6. O-O Bb7 7. d3 Ngf6 8. Nfd2 g6 9. f4 Bg7 10. g4 O-O 11. Nc3 e6 12. Qe1 Ne8 13. Nf3 d5 14.
Qg3 d4 15. Nd1 f5 16. Nf2 Ndf6 17. gxf5 exf5 18. e5 Nh5 19. Qh3 Nc7 20. Ng5 Qe8 21. Bf3 Bxf3 22. Qxf3 h6 23. Ngh3 Ne6 24. Nh1 Rc8 25.
b3 Qd7 26. Ng3 Nxg3 27. hxg3 Rfe8 28. Bd2 Nc7 29. Rfe1 Nd5 30. Kh2 Bf8 31. Nf2 h5 32.
Re2 Qe6 33. Nh3 Be7 34. Qf2 Red8 35. Ng1 Kf7 36. Nf3 Ke8 37. Qg2 Kd7 38. Ree1 Kc7 39. Reb1 Kb8 40. Kh3 Ka7 41. Kh2 Rh8 42. Qf2 Rcd8 43.
Kg2 Qc6 44. Kg1 h4 45. gxh4 Rh5 46. b4 cxb4 47. Nxd4 Qb7 48. Nf3 a5 49. d4 Qc6 50.
Qe2 Bxh4 51. Qb5 Qxb5 52. axb5 Be7 53. Kg2 Rc8 54. Rc1 Kb7 55. Kg3 Rd8 56. e6 Nc7 57.
Re1 Nxb5 58. Re5 Nd6 59. Be3 Ne4+ 60. Kg2 Nf6 61. Rb5 Nd5 62. Bg1 Kc6 63. Rxd5 Kxd5 64. Ne5 0-1

[Event "Late-Titled-Tuesday-Blitz-July-09-2024"]
[Site "Chess.com"]
[Date "2024.07.09"]
[Round "4"]
[White "Bykov_Egor"]
[Black "GiorgianBarbosa"]
[Result "1-0"]
[WhiteElo "2692"]
[BlackElo "2515"]
[TimeControl "180+1"]
[EndTime "14:38:57 PDT"]
[Termination "Bykov_Egor won on time"]

1. Nf3 Nf6 2. g3 e6 3. Bg2 d5 4. d4 Be7 5. O-O O-O 6. c4 a5 7.
Nbd2 c6 8. Qc2 b6 9. e4 Ba6 10. Re1 Nbd7 11. b3 Rc8 12. Bb2 c5 13. Rac1 cxd4 14.
e5 d3 15. Qxd3 Nc5 16. Qe3 Nfe4 17. h4 Nxd2 18. Nxd2 dxc4 19. Nxc4 Qd3 20. Nxb6 Rb8 21. Nc4 a4 22. Ba3 Qxe3 23. Rxe3 axb3 24. axb3 Nxb3 25. Rxb3 Rxb3 26. Bxe7 Rc8 27. Bf1 Rb7 28. Bd6 Rb6 29. Ra1 Bxc4 30. Bxc4 Rxc4 31. Ra8+ Rb8 32. Rxb8+ 1-0